 Dungeon Crawl Stone Soup version 0.22.1-2-g9c5b331383 (webtiles) character file.

198 Nygeryga the Chopper (level 5, 0/48 HPs)
             Began as a Minotaur Berserker on Nov 11, 2018.
             Was a Believer of Trog.
             Killed from afar by an orc wizard (7 damage)
             ... with a puff of flame
             ... on level 3 of the Dungeon on Nov 13, 2018.
             The game lasted 00:07:01 (2640 turns).

Nygeryga the Chopper (Minotaur Berserker)           Turns: 2640, Time: 00:07:02

Health: 0/48       AC:  8    Str: 22    XL:     5   Next: 47%
Magic:  4/4        EV:  8    Int:  4    God:    Trog [**....]
Gold:   65         SH:  0    Dex: 10    Spells: 4/4 levels left

rFire    . . .     SeeInvis .   a - +0 hand axe
rCold    . . .     Gourm    .   (no shield)
rNeg     . . .     Faith    .   s - +0 chain mail
rPois    .         Spirit   .   (helmet restricted)
rElec    .         Reflect  .   (no cloak)
rCorr    .         Harm     .   (no gloves)
MR       .....                  (no boots)
Stlth    ..........             (no amulet)
HPRegen  0.16/turn              (no ring)
MPRegen  0.09/turn              (no ring)

@: no status effects
A: retaliatory headbutt, horns 2
a: Berserk, Trog's Hand, Renounce Religion


You were on level 3 of the Dungeon.
You worshipped Trog.
Trog was pleased with you.
You were not hungry.

You visited 1 branch of the dungeon, and saw 4 of its levels.

You collected 65 gold pieces.

Inventory:

Hand Weapons
 a - a +0 hand axe (weapon)
Armour
 b - a +1 animal skin
 e - a +0 ring mail
 s - a +0 chain mail (worn)
Jewellery
 n - a +3 ring of evasion {unknown}
Scrolls
 f - a scroll of remove curse
 h - a scroll of identify
 j - a scroll of enchant weapon
 l - 2 scrolls of fear
 o - a scroll of magic mapping {unknown}
 p - a scroll of random uselessness {unknown}
 t - a scroll of teleportation {unknown}
 u - a scroll of amnesia {unknown}
Potions
 d - a potion of degeneration {unknown}
 g - a potion of might {unknown}
 i - a potion of brilliance {unknown}
 k - a potion of ambrosia {unknown}
 m - 2 potions of heal wounds {unknown}
 q - a potion of lignification {unknown}
Comestibles
 c - 2 rations
 r - 3 chunks of flesh


   Skills:
 + Level 5.1 Fighting
 * Level 6.6 Axes
 - Level 2.4 Armour
 - Level 2.1 Dodging


You had 4 spell levels left.
You didn't know any spells.
Your spell library was empty.

Dungeon Overview and Level Annotations

Branches:
Dungeon (4/15)
 Temple: D:4-7

Altars:
Dithmenos
Hepliaklqana
Vehumet


Innate Abilities, Weirdness & Mutations

You reflexively headbutt those who attack you in melee.
You have a pair of horns on your head.


Message History

The puff of frost hits you!
* * * LOW HITPOINT WARNING * * *
You barely miss something.
You hear some strange, mumbled words.
A puff of frost appears from out of thin air!
The puff of frost hits you!
* * * LOW HITPOINT WARNING * * *
You closely miss something. Your headbutt misses something. Something hits you.
* * * LOW HITPOINT WARNING * * *
Something hits you but does no damage.
You miss something.
You hear some strange, mumbled words.
A puff of frost appears from out of thin air!
The puff of frost hits you!
* * * LOW HITPOINT WARNING * * *
You completely miss something.
You hear some strange, mumbled words.
A puff of flame appears from out of thin air!
The puff of flame hits you!
You die...

### ######.# #......#
#.####.# ####### #.# #.#
#.....# #.# #.#
#.#########.# #.#
##########....w{@....# #.#
.........)....######## #.#
.......w.####.#.. ..# #.#
............#.#.###.# #.#
########..#.#.#.#.#.#####.#
.#># #.#.#.........#
.....#.#.#.#.####..#
###...#.#.#.#.......#
...#.#.#...###..)#


You could see a worm.

Vanquished Creatures
  2 orc priests (D:3)
  Jessica (D:2)
  4 adders
  An ooze (D:1)
  3 worms
  2 dart slugs (D:1)
  A leopard gecko (D:3)
  5 orcs (D:3)
  3 bats (D:2)
  4 giant cockroaches
  9 goblins
  4 hobgoblins
  4 jackals (D:2)
  4 kobolds
  2 ball pythons (D:2)
  2 frilled lizards (D:1)
  8 rats
59 creatures vanquished.

Notes
Turn   | Place    | Note
-------+----------+-------------------------------------------
     0 | D:1      | Nygeryga the Minotaur Berserker began the quest for the
                  | Orb.
     0 | D:1      | Reached XP level 1. HP: 19/19 MP: 0/0
   186 | D:1      | Reached skill level 4 in Axes
   347 | D:1      | Reached XP level 2. HP: 27/27 MP: 1/1
  1111 | D:2      | Reached XP level 3. HP: 26/33 MP: 2/2
  1260 | D:2      | Found a shadowy altar of Dithmenos.
  1398 | D:2      | Reached skill level 5 in Axes
  1786 | D:2      | Noticed Jessica
  1790 | D:2      | Reached XP level 4. HP: 26/41 MP: 3/3
  1794 | D:2      | Reached ** piety under Trog
  1797 | D:2      | Killed Jessica
  1985 | D:2      | Upgraded the game from 0.22.1-1-ga44c0e56f4 to
                  | 0.22.1-2-g9c5b331383
  2008 | D:3      | Found a hazy altar of Hepliaklqana.
  2008 | D:3      | Found a radiant altar of Vehumet.
  2120 | D:3      | Reached skill level 6 in Axes
  2120 | D:3      | Reached XP level 5. HP: 20/47 MP: 4/4
  2390 | D:3      | Reached skill level 5 in Fighting
  2640 | D:3      | Killed from afar by an orc wizard

Skill      XL: |  1  2  3  4  5 |
---------------+----------------+-----
Axes           | 4 5 6 |  6.6
Fighting       | 4 5 |  5.1
Armour         | |  2.4
Dodging        | |  2.1

Action                   |  1- 3 |  4- 6 || total
-------------------------+-------+-------++-------
Melee: Hand axe          |    72 |    53 ||   125
       Headbutt          |    10 |    10 ||    20
  Use: Scroll            |       |     4 ||     4
 Stab: Distracted        |     1 |       ||     1
  Eat: Chunk             |     3 |     2 ||     5
Armor: Animal skin       |     7 |     1 ||     8
       Ring mail         |       |     3 ||     3
       Chain mail        |       |    10 ||    10
Dodge: Dodged            |    52 |    17 ||    69
